 Dungeon Crawl Stone Soup version 0.31-a0-4-gefa6de2278 (webtiles) character file.

Game seed: 9188291594989842687

3393 olmar the Basher (level 10, -3/91 HPs)
             Began as a Gargoyle Fighter on May 3, 2023.
             Was a Believer of Qazlal.
             Slain by a two-headed ogre
             ... wielding a +0 giant spiked club
              (14 damage)
             ... on level 6 of the Dungeon on May 4, 2023.
             The game lasted 00:08:28 (5739 turns).

olmar the Basher (Gargoyle Fighter)                 Turns: 5739, Time: 00:08:29

Health: -3/91      AC: 25    Str: 29    XL:     10   Next: 4%
Magic:  10/10      EV:  2    Int:  8    God:    Qazlal [**....]
Gold:   379        SH:  9    Dex: 11    Spells: 9/9 levels left

rFire   . . .        w - +2 flail (drain)
rCold   . . .        c - +0 buckler
rNeg    + . .        b - melded +0 scale mail
rPois   ∞            n - melded +1 helmet
rElec   .            (cloak currently unavailable)
rCorr   .            (gloves currently unavailable)
SInv    .            (boots currently unavailable)
Will    .....        (no amulet)
Stlth   +            t - +6 ring of strength
HPRegen 0.35/turn    (no ring)
MPRegen 0.12/turn

%: no passive effects
@: tree-form
A: stationary, stasis, torment immunity, boosted hp, sickness immunity, AC +7,
negative energy resistance 1, (electricity resistance), torment resistance 1,
petrification resistance
a: Renounce Religion, Upheaval


You were on level 6 of the Dungeon.
You worshipped Qazlal.
Qazlal was pleased with you.
You were a tree.
You visited 1 branch of the dungeon, and saw 6 of its levels.

You collected 379 gold pieces.

Inventory:

Hand Weapons
 a - a +0 flail
 d - a +1 whip of electrocution
 q - a +4 whip
 w - a +2 flail of draining (weapon)
Armour
 b - a +0 scale mail (melded)
 c - a +0 buckler (worn)
 n - a +1 helmet (melded)
Jewellery
 t - a +6 ring of strength (left branch)
 B - an amulet of regeneration
Wands
 l - a wand of iceblast (5)
 p - a wand of quicksilver (13)
 F - a wand of polymorph (4)
Scrolls
 f - 7 scrolls of identify {unknown}
 i - a scroll of enchant armour {unknown}
 j - a scroll of fear {unknown}
 k - a scroll of poison {unknown}
 m - a scroll of brand weapon {unknown}
 o - 2 scrolls of teleportation {unknown}
 s - a scroll of acquirement {unknown}
 u - 2 scrolls of silence {unknown}
 v - 4 scrolls of immolation {unknown}
 x - 2 scrolls of noise {unknown}
 y - a scroll of blinking {unknown}
 A - a scroll of enchant weapon {unknown}
Potions
 e - a potion of flight
 g - a potion of curing
 h - a potion of lignification
 r - a potion of resistance {unknown}
 z - a potion of heal wounds {unknown}
 C - a potion of magic {unknown}
 D - a potion of brilliance {unknown}
Miscellaneous
 E - a phial of floods


   Skills:
 + Level 6.4 Fighting
 + Level 9.2 Maces & Flails
 + Level 7.3 Armour
 + Level 3.1 Dodging
 + Level 0.6 Stealth
 + Level 6.9 Shields
 + Level 1.0 Invocations
 + Level 0.7 Evocations


You had 9 spell levels left.
You didn't know any spells.
Your spell library contained the following spells:

 Spells                   Type           Power      Damage    Failure   Level
 Ensorcelled Hibernation  Hex/Ice        0%         N/A       58%         2
 Passwall                 Tmut/Erth      0%         N/A       58%         2
 Swiftness                Air            0%         N/A       82%         3


Dungeon Overview and Level Annotations

Branches:
Dungeon (6/15)             Temple (0/1) D:5

Altars:
Cheibriados
Elyvilon
Fedhas
Gozag
Makhleb
Nemelex Xobeh
Okawaru
Qazlal
Trog
Yredelemnul

Annotations:
D:3 1 runed translucent door
D:6 4 runed translucent doors


Innate Abilities, Weirdness & Mutations

You are a tree.
Your roots penetrate the ground, keeping you stationary.
You cannot be teleported.
You are immune to unholy pain and torment.
Your maximum health is greatly increased.
Your equipment is partially melded.
You are immune to sickness and miasma.
((Your stone body is resilient. (AC +7)))
You are immune to poison.
You resist negative energy. (rN+)
((You are resistant to electric shocks. (rElec)))
You are resistant to unholy torment.
You are immune to petrification.


Message History

The sleepcap is severely damaged.
You block the sleepcap's attack.
You thump the sleepcap!
You destroy the sleepcap!
Qazlal accepts your kill.
Unknown command.
You sock the two-headed ogre!
The two-headed ogre is moderately wounded.
The two-headed ogre closely misses you. The two-headed ogre misses you.
Unknown command.
You thump the two-headed ogre!
The two-headed ogre is heavily wounded.
You hit the two-headed ogre but do no damage.
You drain the two-headed ogre.
The two-headed ogre is heavily wounded.
The two-headed ogre hits you with a +0 giant spiked club!!
You block the two-headed ogre's attack.
Unknown command.
You hit the two-headed ogre.
The two-headed ogre is heavily wounded.
The two-headed ogre barely misses you. The two-headed ogre closely misses you.
Unknown command.
You barely miss the two-headed ogre.
The two-headed ogre is heavily wounded.
Unknown command.
Unknown command.
You sock the two-headed ogre! You drain the two-headed ogre!
The two-headed ogre is almost dead.
The two-headed ogre hits you with a +0 giant spiked club!!
* * * LOW HITPOINT WARNING * * *
You block the two-headed ogre's attack.
Okay, then.
Okay, then.
Okay, then.
It was a potion of lignification.
You turn into a tree.
Your +1 helmet melds into your body.
Your +0 scale mail melds into your body.
Your roots penetrate the ground.
The two-headed ogre hits you with a +0 giant spiked club!
You die...

.............#.#.#.###.#)).......
###..........#+#..............##.
#....................#.....###.
###......................#.......
#.................#..........####
#.................#.............#
.......P.P......................#
.~~....._......######..######...#
+#~....P.P....##♣O..####....##...
#~...........#.###..##.##)#.#...
##~.......#...#.#.## ####..#.#...
~~~.......#...#.##.# #..###.#...
..........#...#.#.## #.##.#.#...
..........#.#.##.††# ###.#(##...
...............###'# #'###...#
...................######........
..................##8=)8##.......


You could see a two-headed ogre (drained).

Vanquished Creatures
  Pikel (D:5)
  A cyclops (D:6)
  Grinder (D:5)
  Sigmund (D:5)
  Edmund (D:5)
  A water moccasin (D:6)
  2 orc warriors
  An ice beast (D:5)
  2 sky beasts
  A black bear (D:6)
  An ogre (D:4)
  A lemure (D:4)
  A kobold brigand (D:6)
  3 scorpions
  4 killer bees (D:6)
  2 howler monkeys
  A gnoll bouda (D:6)
  A human zombie (D:3)
  3 jellies
  4 orc priests
  4 hounds
  A human skeleton (D:3)
  An iron imp (D:6)
  2 iguanas (D:6)
  2 sleepcaps
  2 orc wizards
  3 gnolls (D:6)
  10 adders
  A shadow imp (D:4)
  A white imp (D:6)
  2 ufetubi
  5 worms
  3 dart slugs
  30 orcs
  3 ball pythons
  5 endoplasms
  3 giant cockroaches
  8 goblins
  3 hobgoblins
  4 jackals (D:2)
  4 kobolds
  5 quokkas
  5 bats
  6 rats
146 creatures vanquished.

Vanquished Creatures (others)
  A quokka (D:5)
  2 fungi (D:1)
3 creatures vanquished.

Grand Total: 149 creatures vanquished

Notes
Turn   | Place    | Note
-------+----------+-------------------------------------------
     0 | D:1      | olmar the Gargoyle Fighter began the quest for the Orb.
     0 | D:1      | Reached XP level 1. HP: 14/14 MP: 1/1
    93 | D:1      | Reached XP level 2. HP: 12/19 MP: 2/2
   339 | D:1      | Found a faded altar of an unknown god.
   835 | D:2      | Reached XP level 3. HP: 23/23 MP: 3/3
  1371 | D:2      | Reached XP level 4. HP: 27/29 MP: 4/4
  1449 | D:2      | Reached skill level 3 in Maces & Flails
  1624 | D:3      | Noticed a sky beast
  1624 | D:3      | Found a stormy altar of Qazlal.
  1658 | D:3      | Killed a sky beast
  1659 | D:3      | Reached XP level 5. HP: 10/33 MP: 5/5
  1662 | D:3      | Became a worshipper of Qazlal Stormbringer
  1819 | D:3      | Reached skill level 4 in Maces & Flails
  1856 | D:3      | Reached XP level 6. HP: 20/38 MP: 6/6
  1974 | D:3      | Found a runed translucent door.
  1974 | D:3      | Noticed a human
  2033 | D:3      | Found a basalt altar of Yredelemnul.
  2088 | D:3      | Found a sparkling altar of Nemelex Xobeh.
  2206 | D:3      | Found an iron altar of Okawaru.
  2317 | D:3      | Found an opulent altar of Gozag.
  2633 | D:3      | Found a burning altar of Makhleb.
  2789 | D:4      | Reached skill level 5 in Maces & Flails
  2789 | D:4      | Reached XP level 7. HP: 43/44 MP: 7/7
  2883 | D:4      | Reached * piety under Qazlal
  2912 | D:4      | Reached skill level 1 in Dodging
  2976 | D:4      | Reached skill level 5 in Armour
  3441 | D:5      | Entered Level 5 of the Dungeon
  3454 | D:5      | Found a staircase to the Ecumenical Temple.
  3454 | D:5      | Noticed Pikel
  3506 | D:5      | Killed Pikel
  3507 | D:5      | Reached skill level 5 in Fighting
  3507 | D:5      | Reached skill level 6 in Maces & Flails
  3507 | D:5      | Reached XP level 8. HP: 41/49 MP: 8/8
  3541 | D:5      | Noticed Grinder
  3556 | D:5      | Paralysed by Grinder for 3 turns
  3561 | D:5      | Killed Grinder
  3562 | D:5      | Reached skill level 5 in Shields
  3631 | D:5      | Reached skill level 7 in Maces & Flails
  3719 | D:5      | Reached ** piety under Qazlal
  3963 | D:5      | Reached XP level 9. HP: 54/54 MP: 9/9
  3963 | D:5      | Noticed Edmund
  3978 | D:5      | Killed Edmund
  4083 | D:5      | Noticed Sigmund
  4088 | D:5      | Killed Sigmund
  4116 | D:5      | Reached skill level 1 in Invocations
  4199 | D:5      | Found a bloodstained altar of Trog.
  4247 | D:5      | Found a white marble altar of Elyvilon.
  5045 | D:6      | Reached skill level 8 in Maces & Flails
  5188 | D:6      | Found a blossoming altar of Fedhas.
  5257 | D:6      | Found a large runed translucent door.
  5258 | D:6      | Found a large runed translucent door.
  5302 | D:6      | Found a snail-covered altar of Cheibriados.
  5475 | D:6      | Found a large runed translucent door.
  5476 | D:6      | Found a large runed translucent door.
  5503 | D:6      | Noticed a cyclops
  5509 | D:6      | Killed a cyclops
  5531 | D:6      | Reached skill level 9 in Maces & Flails
  5557 | D:6      | Noticed a two-headed ogre
  5659 | D:6      | Reached XP level 10. HP: 43/61 MP: 10/10
  5729 | D:6      | Noticed a two-headed ogre
  5739 | D:6      | Slain by a two-headed ogre

Illustrated notes

Levels and vault maps discovered:
D:1:      dpeg_arrival_short_road, layout_loops_ring,
          shapermc_ecumenical_altar_ellora, amcnicky_mini_rare_corridor_liquid,
          minmay_crystal_water
D:2:      layout_loops_corners
D:3:      layout_loops_cross, lightli_temple_of_fire, lemuel_doored_altar,
          grunt_gozag_statues, dk_yredelemnul_ordeal,
          nicolae_qazlal_beasts_of_the_sky, nicolae_overflow_crystal_walls,
          grunt_ministairs_5, hangedman_feature_mirror,
          chequers_serial_rivers_micro_c, hangedman_decor_clover_reticule
D:4:      layout_basic
D:5:      layout_layer_cave, mainiacjoe_overflow_24_doors, elyvilon_altar_4,
          minmay_temple_entry_wispy, sigmund_edmund_badplayer, uniq_pikel,
          uniq_grinder
D:6:      layout_basic, fedhas_altar_1, slow_altar_1, serial_shops,
          kennysheep_mini_moat, minmay_hollow_rounded_squares

Skill      XL: |  1  2  3  4  5  6  7  8  9 |
---------------+----------------------------+-----
Fighting       | 4 5 6 |  6.4
Maces & Flails | 3 4 5 6 7 9 |  9.2
Armour         | 4 6 7 |  7.3
Dodging        | 1 2 3 |  3.1
Shields        | 4 5 6 |  6.9
Invocations    | 1 |  1.0
Stealth        | |  0.6
Evocations     | |  0.7

Action                     |  1- 3 |  4- 6 |  7- 9 | 10-12 || total
---------------------------+-------+-------+-------+-------++-------
  Melee: Flail             |    89 |   165 |   135 |    11 ||   400
         Whip              |       |       |   191 |       ||   191
 Invoke: Upheaval          |       |       |     1 |       ||     1
  Evoke: Wand              |       |       |     3 |       ||     3
    Use: Potion            |       |     1 |     3 |     1 ||     5
 Armour: Scale mail        |    58 |    95 |   136 |       ||   289
  Dodge: Dodged            |    41 |    48 |   121 |     6 ||   216
  Block: Buckler           |    19 |    36 |   111 |     4 ||   170

Table legend: (Time is in decaauts)
 A = Elapsed time spent in this place.
 B = Non-inter-level travel time spent in this place.
 C = Inter-level travel time spent in this place.
 D = Time resting spent in this place.
 E = Time spent auto-exploring this place.
 F = Levels seen in this place.
 G = Mean time per level.
                   A        B        C        D        E       F      G
               +--------+--------+--------+--------+--------+-----+--------+
         Total |   5777 |   5604 |    173 |     41 |   4466 |   6 |  962.8 |
       Dungeon |   5777 |   5604 |    173 |     41 |   4466 |   6 |  962.8 |
               +--------+--------+--------+--------+--------+-----+--------+

Top non-repeatable levels by time:
     D:5: 1553 daAuts
     D:3: 1155 daAuts
     D:2: 865 daAuts
     D:1: 797 daAuts
     D:6: 707 daAuts
     D:4: 697 daAuts
